 Dungeon Crawl Stone Soup version 0.19.5 (webtiles) character file.

403 Patchouli the Caller (level 6, -5/32 HPs)
             Began as a Tengu Summoner on Mar 16, 2017.
             Was an Initiate of Sif Muna.
             Splashed by a jelly's acid (9 damage)
             ... on level 6 of the Dungeon.
             The game lasted 00:26:08 (2510 turns).

Patchouli the Caller (Tengu Summoner)               Turns: 2510, Time: 00:26:09

Health: -5/32      AC: 15    Str:  6 (9)  XL:     6   Next: 86%
Magic:  2/12       EV: 13    Int: 14 (17) God:    Sif Muna [......]
Gold:   119        SH:  0    Dex: 13 (14) Spells: 4 memorised, 2 levels left

rFire  . . .     SeeInvis .     v - +1 dagger (protect)
rCold  . . .     Gourm    .     w - +2 animal skin
rNeg   . . .     Faith    .     (no shield)
rPois  .         Spirit   .     (helmet restricted)
rElec  .         Reflect  .     A - -1 cloak
rCorr  .         Harm     .     e - +2 pair of gloves
MR     .....     Clarity  +     (boots unavailable)
Stlth  +++.......               (no amulet)
                                (no ring)
                                d - ring of stealth

@: protection aura, very slightly contaminated
A: beak, talons 3, thin metallic scales 1, clarity, deformed body, able to fly 1
a: Fly, Renounce Religion


You were on level 6 of the Dungeon.
You worshipped Sif Muna.
Sif Muna was noncommittal.
You were hungry.

You visited 2 branches of the dungeon, and saw 7 of its levels.

You collected 119 gold pieces.

Inventory:

Hand Weapons
 f - a +0 short sword
 h - a -1 trident
 t - a +0 hunting sling
 v - a +1 dagger of protection (weapon)
 z - a +0 trident
Missiles
 k - 4 javelins (quivered)
 n - 97 arrows
 s - 39 stones
Armour
 e - a +2 pair of gloves (worn)
 w - a +2 animal skin (worn)
 A - a -1 cloak (worn)
 B - a +0 shield
 C - a cursed +0 ring mail
Jewellery
 d - a ring of stealth (left hand)
Scrolls
 o - a scroll of recharging
 q - a scroll of remove curse
 r - a scroll of immolation
Potions
 g - a potion of flight
 j - 2 potions of degeneration
 u - 4 potions of curing
Books
 b - a book of Callings

   Spells                             Type                      Level
   a - Summon Small Mammal            Summoning                    1
   b - Call Imp                       Summoning                    2
   c - Call Canine Familiar           Summoning                    3
   d - Summon Guardian Golem          Hexes/Summoning              3
   e - Summon Lightning Spire         Summoning/Air                4
   f - Summon Ice Beast               Ice/Summoning                4
Comestibles
 c - 3 bread rations
 m - 2 fruits
 p - a meat ration


   Skills:
 - Level 1.5 Throwing
 + Level 2.7 Armour
 + Level 3.6 Dodging
 - Level 2.0 Stealth
 * Level 3.9 Spellcasting
 + Level 5.7 Summonings
 * Level 3.0 Air Magic


You had 2 spell levels left.
You knew the following spells:

 Your Spells              Type           Power        Failure   Level  Hunger
a - Summon Small Mammal   Summ           ###.         1%          1    None
b - Call Imp              Summ           ###.....     2%          2    ##.....
c - Call Canine Familiar  Summ           ###.....     8%          3    ###....
d - Summon Lightning Spi  Summ/Air       ###.....     38%         4    ####...


Dungeon Overview and Level Annotations

Branches:
Dungeon (6/15)             Temple (1/1) D:4

Altars:
Ashenzari
Cheibriados
Dithmenos
Elyvilon
Fedhas
Gozag
Hepliaklqana
Kikubaaqudgha
Makhleb
Nemelex Xobeh
Okawaru
Qazlal
Ru
Sif Muna
Trog
Uskayaw
Vehumet
Xom
Yredelemnul
Zin
The Shining One

Annotations:
D:4 Edmund
D:5 Patchouli's ghost, amateur DEFE
D:6 Dowan; Duvessa


Innate Abilities, Weirdness & Mutations

You have a beak for a mouth.
You have claws for feet.
You can fly.
You are partially covered in thin metallic scales. (AC +2)
You possess an exceptional clarity of mind.
Armour fits poorly on your strangely shaped body.


Message History

The sky beast barely misses you. The sky beast hits you.
The sky beast shocks you. The jelly hits you but does no damage.
The sky beast hits you. The sky beast shocks you. The jelly hits you.
You are splashed with acid!
The acid burns!
* * * LOW HITPOINT WARNING * * *
You feel better.
You flicker back into view.
The sky beast misses you. The jelly misses you.
Okay, then.
You hit the jelly but do no damage.
Your weapon exudes an aura of protection.
Your hands burn!
* * * LOW HITPOINT WARNING * * *
You claw the jelly. You peck the jelly.
The jelly is heavily wounded.
The sky beast closely misses you. The jelly hits you.
* * * LOW HITPOINT WARNING * * *
You are splashed with acid!
The acid burns!
You die...

#. #...# ###.#...## #. #...#
#....# #.# #.
#######...###.#..# #..
#.####.##.(..............###.#
#.....e)(Y..............#...##
#.###.ยง##...............#..##
#.. #####.#...#.#......# .e..
#Y#...#.######.# #e...
#@#...#.# #... ......
#J#...#.# ###.# ......#
#l#...#.# .# #.#... #.......#
# ####.#### .... ...... ##


You could see a sky beast (inner flame), a jelly and a leopard gecko.

Vanquished Creatures
  An adder (D:2)
  A giant cockroach (D:1)
  7 goblins
  7 bats
  A kobold (D:2)
  A rat (D:2)
18 creatures vanquished.

Vanquished Creatures (collateral kills)
  A sky beast (D:5)
  A centaur (D:6)
  3 bullfrogs (D:6)
  A bullfrog zombie (D:5)
  3 hounds
  Ijyb (D:2)
  Robin (D:4)
  4 gnolls (D:2)
  2 adders (D:2)
  A shadow imp (D:6)
  2 oozes (D:3)
  A worm (D:4)
  2 dart slugs
  3 leopard geckos
  13 orcs
  A bat (D:2)
  3 giant cockroaches
  6 hobgoblins
  10 jackals
  6 kobolds
  A ball python (D:2)
  2 frilled lizards
  14 goblins
  A quokka skeleton (D:5)
  A rat (D:2)
84 creatures vanquished.

Grand Total: 102 creatures vanquished

Notes
Turn   | Place    | Note
-------+----------+-------------------------------------------
     0 | D:1      | Patchouli the Tengu Summoner began the quest for the Orb.
     0 | D:1      | Reached XP level 1. HP: 10/10 MP: 4/4
   254 | D:1      | Reached XP level 2. HP: 9/15 MP: 1/6
   258 | D:1      | Learned a level 2 spell: Call Imp
   783 | D:2      | Reached XP level 3. HP: 14/19 MP: 5/8
   788 | D:2      | Learned a level 3 spell: Call Canine Familiar
   873 | D:2      | Noticed Ijyb
   909 | D:2      | Killed Ijyb
   909 | D:2      | Reached skill level 1 in Armour
   909 | D:2      | Reached skill level 5 in Summonings
  1032 | D:2      | Reached skill level 1 in Throwing
  1047 | D:2      | Reached XP level 4. HP: 24/24 MP: 3/9
  1227 | D:3      | Found a faded altar of an unknown god.
  1286 | D:4      | Noticed Robin
  1305 | D:4      | Killed Robin
  1519 | D:4      | Noticed Edmund
  1644 | D:3      | Gained mutation: You can fly. [Tengu growth]
  1644 | D:3      | Reached XP level 5. HP: 12/28 MP: 6/10
  1855 | D:4      | Learned a level 4 spell: Summon Lightning Spire
  1901 | D:4      | Found a staircase to the Ecumenical Temple.
  1927 | Temple   | Entered the Ecumenical Temple
  1966 | Temple   | Became a worshipper of Sif Muna the Loreminder
  2119 | D:5      | Entered Level 5 of the Dungeon
  2301 | D:5      | Noticed a sky beast
  2316 | D:5      | Killed a sky beast
  2316 | D:5      | Reached skill level 1 in Air Magic
  2333 | D:5      | Reached XP level 6. HP: 32/32 MP: 6/12
  2345 | D:5      | Noticed Patchouli's ghost (amateur DEFE)
  2374 | D:6      | Noticed an ice beast
  2472 | D:6      | Noticed Duvessa
  2472 | D:6      | Noticed Dowan
  2476 | D:6      | Noticed a sky beast
  2481 | D:6      | Gained mutation: You possess an exceptional clarity of mind. [potion of mutation]
  2481 | D:6      | Gained mutation: You are partially covered in thin metallic scales. (AC +2) [potion of mutation]
  2481 | D:6      | Gained mutation: Armour fits poorly on your strangely shaped body. [potion of mutation]
  2510 | D:6      | Splashed by a jelly's acid

Skill      XL: |  1  2  3  4  5  6 |
---------------+-------------------+-----
Armour         | 1 2 |  2.7
Summonings     | 5 |  5.7
Throwing       | 1 |  1.5
Spellcasting   | 3 |  3.9
Dodging        | 3 |  3.6
Air Magic      | 1 3 |  3.0
Stealth        | |  2.0

Action                   |  1- 3 |  4- 6 || total
-------------------------+-------+-------++-------
Melee: Short sword       |    30 |    12 ||    42
       Peck              |     4 |     6 ||    10
       Unarmed           |     1 |       ||     1
       Kick              |     2 |    10 ||    12
       Dagger            |       |    17 ||    17
       Trident           |       |    16 ||    16
 Cast: Summon Small Mamm |    48 |    13 ||    61
       Call Imp          |     6 |    23 ||    29
       Call Canine Famil |     5 |    18 ||    23
 Abil: Fly               |       |     1 ||     1
  Use: Potion            |     3 |     5 ||     8
       Scroll            |       |     5 ||     5
 Stab: Sleeping          |     8 |     9 ||    17
       Distracted        |     1 |     2 ||     3
  Eat: Chunk             |     2 |     7 ||     9
Armor: Robe              |    11 |     3 ||    14
       Animal skin       |       |     7 ||     7
Dodge: Dodged            |    39 |    35 ||    74
